AoeStats
← Kurumimi

Arena

509026948Analyzed
3v3 RM · 8d ago on Sep 25, 2026· 64m 46s· 6 players
Game mode
Random Map
Map size
Normal (6 player)
Population
200
Speed
Normal
Resources
Standard
Victory
Conquest
Starting age
Dark Age
Ending age
Imperial Age
RankedLock teamsTeams togetherTeam positionsShared explorationLock speedFull tech treeHidden civsTurbo modeCheats
Victory
Defeat
🇦🇷 Bohemians · Argentina
889
+15
🇦🇷 Persians · Argentina
863
+16
🇦🇷 Vietnamese · Argentina
814
+19
🇻🇳 Vietnamese · Vietnam
966
-20
🇺🇸 Persians · United States
877
-17
🇺🇸 Italians · United States
772
-13
bosterman
9:39 Feudal Age
10:46 Loom
13:59 Castle Age
12:19 Double-Bit Axe
14:27 Horse Collar
17:30 Heavy Plow
17:44 Bow Saw
19:48 Heavy Plow
21:14 Wheelbarrow
24:18 Fletching
27:41 Bodkin Arrow
29:22 Hand Cart
32:36 Imperial Age
30:58 Pikeman
31:50 Forging
31:40 Scale Mail Armor
33:05 Chemistry
33:12 Iron Casting
33:33 Chain Mail Armor
33:05 Halberdier
34:35 Squires
34:21 Arson
35:05 Conscription
36:05 Houfnice
38:46 Blast Furnace
38:16 Plate Mail Armor
38:50 Plate Mail Armor
38:57 Heavy Scorpion
45:19 Elite Skirmisher
46:01 Padded Archer Armor
46:34 Imperial Skirmisher
47:19 Bracer
47:34 Leather Archer Armor
47:42 Ballistics
47:15 Town Watch
49:25 Sappers
52:06 Ring Archer Armor
58:40 Scale Barding Armor
58:58 Bombard Tower
58:45 Siphons
58:53 Masonry
58:49 Siege Engineers
58:54 Careening
58:40 Murder Holes
58:55 Fortified Wall
58:36 Guard Tower
58:31 Arrowslits
58:57 Clinker Construction
60:20 Two-Man Saw
LAULAW30
10:39 Feudal Age
11:17 Loom
13:11 Double-Bit Axe
15:40 Horse Collar
16:04 Padded Archer Armor
15:55 Fletching
16:04 Gold Mining
24:02 Castle Age
23:47 Stone Mining
25:21 Pikeman
26:02 Squires
26:22 Leather Archer Armor
26:03 Bodkin Arrow
29:33 Forging
29:25 Scale Mail Armor
29:34 Scale Barding Armor
29:02 Elite Skirmisher
29:49 Thumb Ring
30:46 Ballistics
31:31 Chain Mail Armor
33:16 Bow Saw
33:10 Heavy Plow
34:00 Husbandry
34:12 Bloodlines
38:31 Imperial Age
38:24 Chain Barding Armor
38:44 Iron Casting
40:13 Chemistry
39:45 Chatras
41:26 Imperial Skirmisher
42:44 Ring Archer Armor
42:15 Bracer
42:52 Plate Barding Armor
42:47 Plate Mail Armor
44:36 Two-Man Saw
43:58 Elite Rattan Archer
51:37 Elite Battle Elephant
martin berrini
7:22 Loom
10:51 Feudal Age
11:16 Double-Bit Axe
11:22 Horse Collar
17:43 Castle Age
18:26 Bow Saw
18:18 Heavy Plow
20:36 Gold Mining
20:38 Stone Mining
22:28 Wheelbarrow
21:38 Town Watch
23:02 Gold Shaft Mining
24:17 Stone Shaft Mining
26:42 Hand Cart
26:39 Kamandaran
31:10 Imperial Age
29:10 Crossbowman
29:10 Elite Skirmisher
31:16 Thumb Ring
31:48 Ballistics
32:48 Chemistry
32:57 Fletching
33:17 Forging
33:07 Scale Mail Armor
33:08 Padded Archer Armor
33:14 Scale Barding Armor
34:27 Bodkin Arrow
35:08 Iron Casting
38:32 Elite War Elephant
41:26 Two-Man Saw
41:00 Crop Rotation
40:03 Pikeman
40:43 Squires
41:02 Chain Mail Armor
41:48 Blast Furnace
41:03 Leather Archer Armor
41:03 Halberdier
42:24 Arson
42:26 Gambesons
42:52 Husbandry
43:03 Bloodlines
42:18 Light Cavalry
48:08 Chain Barding Armor
48:19 Ring Archer Armor
48:20 Plate Mail Armor
59:33 Plate Barding Armor
glinesbrandon1
0:34 Loom
11:35 Feudal Age
19:25 Castle Age
17:50 Double-Bit Axe
24:51 Silk Road
30:40 Imperial Age
32:07 Conscription
33:30 Chemistry
33:28 Fletching
33:39 Padded Archer Armor
34:05 Ballistics
38:16 Elite Genoese Crossbowman
39:31 Elite Skirmisher
41:18 Imperial Skirmisher
42:04 Bodkin Arrow
42:25 Leather Archer Armor
alejonone17
10:17 Loom
12:29 Feudal Age
14:32 Man-at-Arms
15:48 Forging
17:16 Stone Mining
18:51 Wheelbarrow
17:59 Horse Collar
18:05 Double-Bit Axe
18:46 Gold Mining
19:06 Arson
19:34 Scale Mail Armor
19:35 Town Watch
25:10 Castle Age
31:08 Iron Casting
30:49 Chain Mail Armor
33:59 Heavy Plow
35:22 Husbandry
36:17 Hand Cart
39:23 Town Patrol
47:11 Caravan
48:19 Husbandry
47:42 Light Cavalry
48:32 Bloodlines
Kurumimi
10:02 Loom
11:47 Feudal Age
16:39 Castle Age
14:53 Double-Bit Axe
18:57 Horse Collar
23:48 Heavy Plow
26:09 Husbandry
26:20 Bloodlines
28:41 Wheelbarrow
28:56 Forging
28:51 Scale Barding Armor
29:33 Bow Saw
32:18 Iron Casting
32:41 Hand Cart
32:13 Town Watch
32:57 Thumb Ring
33:02 Chatras
36:51 Imperial Age
34:26 Fletching
36:06 Gold Mining
36:09 Stone Mining
36:18 Bodkin Arrow
36:24 Padded Archer Armor
37:22 Town Patrol
37:31 Devotion
37:56 Paper Money
38:25 Bracer
40:01 Guilds
40:18 Elite Rattan Archer
41:41 Leather Archer Armor
41:37 Siege Engineers
41:53 Ballistics
42:34 Chemistry
44:06 Stone Shaft Mining
44:10 Ring Archer Armor
43:41 Murder Holes
43:57 Fortified Wall
43:59 Masonry
Connection lost

Rejoining the realm…

Still unreachable

The connection could not be restored.

Session expired

The server has moved on; the page needs a fresh start.